cohdb
Replays
Latest Replays
All Replays
Popular Replays
Top Player Replays
Match Explorer
How It Works
Community
CoH3 Stats
Reddit
Sign in to upload your games and track your stats! →
Sign in with Steam
Match 45106825
Unlisted
Match 45106825
Overview
Messages
Build Orders
End
Vickers Machine Gun Team
Selects Indian Artillery Battlegroup
Construct Section Command Post
Infantry Section
Infantry Section
Infantry Section
Vickers Machine Gun Team
Grenade Package
Selects Valour
Construct Field Infirmary
Selects Gurkha Rifles Section
Construct Platoon Command Post
Selects Artillery Saturation
Unlock Bishop Self-propelled Artillery
CMP 15cwt Truck
UnLove
Saito
corporalpunishment83
Heath Lair
Libanese_de_Roma
Daghito
Adam Kadmon
Stratego
0
0
Comments
sign in to comment!
No comments posted yet!